 Dungeon Crawl Stone Soup version 0.25-a0-975-gcae8493d64 (webtiles) character file.

Game seed: 16682900259526782043, levelgen mode: deterministic

114161 Flugslaktarn the Severer (level 16, -6/152 HPs)
             Began as a Deep Dwarf Fighter on May 10, 2020.
             Was the Champion of Makhleb.
             Mangled by a tyrant leech (37 damage)
             ... on level 3 of the Swamp.
             The game lasted 00:12:04 (13582 turns).

Flugslaktarn the Severer (Deep Dwarf Fighter)      Turns: 13582, Time: 00:12:04

Health: -6/152     AC: 25    Str: 22    XL:     16   Next: 15%
Magic:  11/11      EV:  8    Int: 21    God:    Makhleb [******]
Gold:   1038       SH: 13    Dex: 15    Spells: 15/15 levels left

rFire    + . .     SeeInvis .   T - +4 broad axe
rCold    . . .     Gourm    +   c - +0 kite shield
rNeg     + + .     Faith    .   D - +0 plate armour
rPois    .         Spirit   .   (no helmet)
rElec    .         Reflect  .   w - +1 cloak
rCorr    .         Harm     .   J - +1 pair of gloves {archery}
MR       +++..     Clarity  +   R - +3 pair of boots "Jatoit" {*Contam Int+9 Stlth-}
Stlth    ..........             K - amulet "Puatir" {Gourm rF+ Dex-5 Slay+4}
HPRegen  0.00/turn              z - ring of Gomirhot {rN+ Str+3 Dex+3 Stlth+}
MPRegen  0.12/turn              m - ring of protection from magic

@: about to teleport, non-regenerating, studying Fighting
A: damage resistance, heal wounds, clarity, high mp 1, negative energy
resistance 1, sense surroundings 2, no regeneration
a: Heal Wounds, Minor Destruction, Lesser Servant of Makhleb, Major Destruction,
Greater Servant of Makhleb, Renounce Religion


You were on level 3 of the Swamp.
You worshipped Makhleb.
Makhleb was exalted by your worship.
You were very full.

You visited 4 branches of the dungeon, and saw 24 of its levels.
You also visited: Bailey and Gauntlet.

You collected 1255 gold pieces.
You spent 217 gold pieces at shops.

Inventory:

Hand Weapons
 a - a +3 war axe
   (You took it off an orc on level 8 of the Dungeon)
 o - the +8 Wrath of Trog {antimagic, *Rage}
   (You found it in a bailey)

   It reduces the magical energy of the wielder, and disrupts the spells and
   magical abilities of those hit.
   Natural abilities and divine invocations are not affected.
   It may make you go berserk in combat.
 T - a +4 broad axe (weapon)
   (You took it off an orc knight on level 14 of the Dungeon)
Missiles
 u - a throwing net (quivered)
Armour
 c - a +0 kite shield (worn)
 w - a +1 cloak (worn)
   (You took it off Crazy Yiuf on level 7 of the Dungeon)
 D - a +0 plate armour (worn)
   (You took it off an orc warrior on level 8 of the Dungeon)
 J - a +1 pair of gloves of archery (worn)
   (You found it on level 4 of the Lair of Beasts)
 R - the +3 pair of boots "Jatoit" (worn) {*Contam Int+9 Stlth-}
   (You found it in a Gauntlet)

   It affects your intelligence (+9).
   It causes magical contamination when unequipped.
   It makes you less stealthy.
Jewellery
 k - an uncursed ring of resist corrosion
   (You found it on level 4 of the Lair of Beasts)
 m - a ring of protection from magic (right hand)
   (You found it on level 5 of the Dungeon)
 s - an uncursed amulet of guardian spirit {unknown}
   (You found it on level 7 of the Dungeon)
 z - the ring of Gomirhot (left hand) {rN+ Str+3 Dex+3 Stlth+}
   (You found it in a Gauntlet)

   [ring of dexterity]

   It affects your strength (+3).
   It affects your dexterity (+3).
   It protects you from negative energy.
   It makes you more stealthy.
 A - a +3 ring of strength
   (You found it on level 1 of the Lair of Beasts)
 K - the amulet "Puatir" (around neck) {Gourm rF+ Dex-5 Slay+4}
   (You found it on level 6 of the Dungeon)

   [amulet of the gourmand]

   It allows you to eat raw meat even when not hungry.
   It affects your dexterity (-5).
   It affects your accuracy and damage with ranged weapons and melee attacks
   (+4).
   It protects you from fire.
 Q - an uncursed amulet of the gourmand {unknown}
   (You found it in a Gauntlet)
Wands
 f - a wand of digging (6)
   (You took it off an orc on level 8 of the Dungeon)
 j - a wand of paralysis (28)
   (You found it on level 6 of the Dungeon)
 y - a wand of acid (21)
   (You found it on level 8 of the Dungeon)
 L - a wand of iceblast (3)
   (You found it on level 5 of the Lair of Beasts)
 N - a wand of enslavement (3)
   (You found it on level 5 of the Lair of Beasts)
Scrolls
 b - 4 scrolls of fear
 t - 13 scrolls of teleportation
 v - a scroll of vulnerability
 x - 5 scrolls of remove curse
 C - 3 scrolls of enchant armour
 F - 2 scrolls of fog
 H - a scroll of magic mapping
 I - a scroll of immolation
Potions
 d - 3 potions of might
 g - 4 potions of magic
 h - 6 potions of haste
 i - 2 potions of flight
 l - 5 potions of lignification
 n - 2 potions of cancellation
 p - 6 potions of brilliance
 q - 4 potions of curing
 E - a potion of resistance
 G - 2 potions of invisibility
 O - a potion of berserk rage
Books
 P - a manual of Fighting
   (You found it in a bailey)
Comestibles
 e - 27 rations


   Skills:
 + Level 12.3 Fighting
 * Level 17.0 Axes
 + Level 12.8 Armour
 - Level 3.3 Dodging
 + Level 12.3 Shields
 + Level 14.1 Invocations


You had 15 spell levels left.
You didn't know any spells.
Your spell library was empty.

Dungeon Overview and Level Annotations

Branches:
Dungeon (15/15)            Temple (0/1) D:4            Lair (5/6) D:8
  Swamp (3/4) Lair:4        Snake (1/4) Lair:4        Slime (0/5) Lair:5
 Vaults (0/5) D:14         Depths (0/5) D:15         Bailey (visited)
Gauntlet (visited)
    Orc: D:9-12

Altars:
Ashenzari
Elyvilon
Fedhas
Gozag
Makhleb
Nemelex Xobeh
Qazlal
Ru
Trog
Vehumet

Shops:
D:8 *   D:13 *

Annotations:
D:7 Prince Ribbit
D:9 3 runed translucent doors, ra1n577's ghost, novice DDFi
Lair:4 2 transporters


Innate Abilities, Weirdness & Mutations

You are resistant to damage.
You can heal yourself by infusing magical energy.
You resist negative energy. (rN+)
You passively map the area around you.
You do not regenerate.
You possess an exceptional clarity of mind.
You have an increased reservoir of magic. (+10% MP)


Message History

You are too injured to fight recklessly!
You feel much better.
The swamp worm bites you but does no damage.
You block the tyrant leech's attack. The swamp worm bites you!!
You block the swamp worm's attack. The tyrant leech bites you.
The tyrant leech draws strength from your injuries!
The tyrant leech bites you. The swamp worm bites you!
* * * LOW HITPOINT WARNING * * *
You block the tyrant leech's attack.
You are too injured to fight recklessly!
You are too injured to fight recklessly!
You are too injured to fight recklessly!
You are too injured to fight recklessly!
You are too injured to fight recklessly!
As you read the scroll of teleportation, it crumbles to dust.
You feel strangely unstable. The swamp worm bites you!!
* * * LOW HITPOINT WARNING * * *
You block the swamp worm's attack. The tyrant leech bites you.
You block the swamp worm's attack. The tyrant leech bites you!!!
You die...

♣..♣...♣♣* ≈ , ≈
, ♣♣..≈≈≈≈♣ ≈ ≈
♣≈♣♣≈≈≈≈♣ , ≈ ,≈
♣≈♣♣....♣ ≈
♣♣♣♣♣.≈.♣ * , ≈
♣.≈.♣ , , ♣♣.≈.♣
♣♣≈.w.♣♣ ** , ≈
, ♣♣♣.≈yw@.♣ * ≈
♣♣≈≈≈≈≈www♣≈ *
,, * ♣≈≈≈≈≈≈≈w.♣
, *
*♣≈≈P≈P≈≈.≈≈≈♣ ,
≈,♣≈≈##≈##≈≈≈≈≈♣
*, , ≈.≈≈≈#≈≈
#≈≈§≈.♣ ≈ * )≈≈
#≈§≈##≈≈≈.♣* , *
, ≈≈w ≈#≈≈...♣*
, , ≈## ≈≈
≈≈≈≈..* *


You could see 3 tyrant leeches, a moth of wrath and 3 swamp worms.

Vanquished Creatures
  A minotaur (Gauntlet)
  Harold (D:9)
  4 vault guards (D:14)
  2 hydras
  5 naga warriors (Snake:1)
  3 centaur warriors
  Erica (D:9)
  2 anacondas (Snake:1)
  8 alligators
  A death scarab (Gauntlet)
  5 death yaks (Lair:3)
  Nergalle (Lair:3)
  A wizard (D:14)
  3 swamp dragons
  A deep elf archer (D:14)
  A glowing orange brain (D:15)
  Pikel (D:9)
  19 ugly things
  3 orc knights
  A deep elf mage (D:13)
  5 cyclopes
  2 salamanders (Snake:1)
  8 centaur zombies
  2 naga magi (Snake:1)
  6 black mambas
  An elephant (shapeshifter) (D:15)
  11 spiny frogs
  A gargoyle (D:14)
  A rime drake (Lair:5)
  7 komodo dragons
  A yaktaur (D:14)
  A tengu conjurer (D:14)
  3 meliai (D:13)
  2 tyrant leeches
  A queen bee (Lair:1)
  3 hornets
  17 slime creatures
  5 bog bodies
  5 hippogriffs
  A centaur simulacrum (D:15)
  A vampire (D:11)
  7 shadows
  A tarantella (shapeshifter) (D:15)
  6 wyverns
  A spriggan (shapeshifter) (D:15)
  10 yaks
  A spectral komodo dragon (Gauntlet)
  A hog (shapeshifter) (D:15)
  2 wraiths (D:14)
  Grum (Lair:1)
  A hungry ghost (D:8)
  12 vampire mosquitoes
  9 nagas
  4 insubstantial wisps (Swamp:1)
  Edmund (D:6)
  7 swamp worms
  Duvessa (D:6)
  A warg (D:15)
  11 water moccasins
  12 porcupines
  2 ice beasts (D:9)
  2 black bears
  A swamp drake (Swamp:1)
  2 phantoms
  4 sky beasts
  2 eyes of draining
  2 necrophages (D:9)
  4 ogres
  11 orc warriors
  10 centaurs
  10 wolves
  10 crocodiles
  2 big kobolds
  19 bullfrogs
  Dowan (D:6)
  3 wyvern skeletons
  7 scorpions
  33 killer bees
  9 howler monkeys
  6 crimson imps
  3 bullfrog zombies
  5 hounds
  7 jellies
  2 centaur skeletons
  5 orc priests
  7 orc wizards
  Crazy Yiuf (D:7)
  4 iron imps (Gauntlet)
  An iguana (D:7)
  6 worker ants
  A worker ant zombie (D:6)
  Robin (D:4)
  14 gnolls
  8 adders
  A shadow imp (D:4)
  5 oozes
  A worm (D:3)
  2 dart slugs
  3 leopard geckos
  43 orcs
  3 giant cockroaches
  7 goblins
  6 hobgoblins
  3 jackals (D:2)
  4 quokkas
  A bat (D:2)
  5 kobolds
  5 rats (D:9)
  3 demonic plants (Gauntlet)
  4 fungi
538 creatures vanquished.

Vanquished Creatures (collateral kills)
  4 hydras
  A catoblepas (Lair:2)
  A black mamba (Lair:1)
  A rust devil (Gauntlet)
  A shadow (Gauntlet)
  2 nagas (Lair:4)
  A water moccasin (Lair:1)
  A crocodile (Lair:2)
  A bullfrog (Lair:4)
13 creatures vanquished.

Vanquished Creatures (others)
  A slave (D:9)
  A howler monkey (D:9)
  A demonic plant (Gauntlet)
  18 plants
21 creatures vanquished.

Grand Total: 572 creatures vanquished

Notes
Turn   | Place    | Note
-------+----------+-------------------------------------------
     0 | D:1      | Flugslaktarn the Deep Dwarf Fighter began the quest for the
                  | Orb.
     0 | D:1      | Reached XP level 1. HP: 20/20 MP: 1/1
   103 | D:2      | Reached XP level 2. HP: 21/27 MP: 2/2
   176 | D:2      | Reached skill level 3 in Axes
   176 | D:2      | Reached XP level 3. HP: 20/34 MP: 3/3
   193 | D:3      | Found a radiant altar of Vehumet.
   195 | D:3      | Found a sacrificial altar of Ru.
   209 | D:3      | Noticed a big kobold
   224 | D:3      | Killed a big kobold
   224 | D:3      | Reached XP level 4. HP: 24/42 MP: 3/3
   329 | D:4      | Noticed an ogre
   338 | D:4      | Killed an ogre
   338 | D:4      | Reached skill level 4 in Axes
   338 | D:4      | Reached XP level 5. HP: 35/49 MP: 4/4
   370 | D:4      | Noticed Robin
   383 | D:4      | Killed Robin
   461 | D:4      | Found a burning altar of Makhleb.
   476 | D:4      | Became a worshipper of Makhleb the Destroyer
   495 | D:4      | Reached XP level 6. HP: 56/56 MP: 5/5
   726 | D:4      | Found a staircase to the Ecumenical Temple.
   806 | D:4      | Reached skill level 1 in Invocations
   836 | D:4      | Found an opulent altar of Gozag.
  1294 | D:5      | Entered Level 5 of the Dungeon
  1308 | D:5      | Reached skill level 5 in Axes
  1328 | D:5      | Found a sparkling altar of Nemelex Xobeh.
  1551 | D:5      | Found a blossoming altar of Fedhas.
  1634 | D:5      | Reached XP level 7. HP: 45/63 MP: 7/7
  1884 | D:6      | Reached skill level 5 in Shields
  1894 | D:6      | Reached skill level 5 in Armour
  1912 | D:6      | Got an ancient lead amulet
  1957 | D:6      | Noticed Dowan
  1958 | D:6      | Noticed Duvessa
  1987 | D:6      | Killed Duvessa
  1987 | D:6      | Reached skill level 6 in Axes
  1987 | D:6      | Killed Dowan
  2120 | D:6      | Noticed Edmund
  2155 | D:6      | Reached XP level 8. HP: 23/73 MP: 7/7
  2173 | D:6      | Reached * piety under Makhleb
  2208 | D:6      | Killed Edmund
  2278 | D:6      | Found a shattered altar of Ashenzari.
  2534 | D:7      | Identified the amulet "Puatir" {Gourm rF+ Dex-5 Slay+4}
                  | (You found it on level 6 of the Dungeon)
  2538 | D:7      | Reached skill level 7 in Axes
  2682 | D:7      | Noticed Prince Ribbit
  2752 | D:7      | Reached skill level 5 in Fighting
  2906 | D:7      | Reached skill level 5 in Invocations
  2973 | D:7      | Found a runed translucent door.
  2974 | D:7      | Noticed Crazy Yiuf
  3294 | D:7      | Paralysed by Crazy Yiuf for 5 turns
  3300 | D:7      | Killed Crazy Yiuf
  3346 | D:8      | Reached skill level 8 in Axes
  3346 | D:8      | Gained mutation: You passively map the area around you.
                  | [Deep Dwarf growth]
  3346 | D:8      | Reached XP level 9. HP: 36/81 MP: 8/8
  3471 | D:8      | You fall into a shaft and drop 3 floors!
  3640 | D:10     | Entered Level 10 of the Dungeon
  3644 | D:10     | Reached ** piety under Makhleb
  3729 | D:9      | Noticed Pikel
  3740 | D:9      | Killed Pikel
  3740 | D:9      | Reached skill level 9 in Axes
  3778 | D:8      | Found Vedo's Assorted Antiques.
  3781 | D:8      | Bought a scroll labeled QISEADGHARECOH for 26 gold pieces
  3781 | D:8      | Bought a scroll labeled JUNOFEMIOD for 26 gold pieces
  4126 | D:8      | Reached XP level 10. HP: 65/91 MP: 7/7
  4311 | D:8      | Found a staircase to the Lair.
  4560 | D:9      | Reached *** piety under Makhleb
  4562 | D:9      | Reached skill level 10 in Axes
  4579 | D:9      | Noticed Harold
  4596 | D:9      | Killed Harold
  4635 | D:9      | Found a stormy altar of Qazlal.
  4806 | D:9      | Noticed a moth of wrath
  4809 | D:9      | Found a bloodstained altar of Trog.
  4859 | D:9      | Found a runed translucent gate.
  4859 | D:9      | Found a runed translucent gate.
  4859 | D:9      | Found a runed translucent gate.
  4860 | D:9      | Identified the +8 dagger of Hospitality {drain, rElec Str+4
                  | Int+4}
  4860 | D:9      | Noticed ra1n577's ghost (novice DDFi)
  4996 | D:9      | Noticed Erica
  5013 | D:9      | Killed Erica
  5088 | Lair:1   | Entered Level 1 of the Lair of Beasts
  5103 | Lair:1   | Noticed Grum
  5111 | Lair:1   | Reached skill level 11 in Axes
  5119 | Lair:1   | Noticed an eight-headed hydra
  5126 | Lair:1   | Killed Grum
  5126 | Lair:1   | Reached XP level 11. HP: 74/100 MP: 8/8
  5152 | Lair:1   | Killed an eight-headed hydra
  5400 | Lair:1   | Noticed a five-headed hydra
  5411 | Lair:1   | Killed a five-headed hydra
  6147 | Lair:1   | Reached **** piety under Makhleb
  6473 | Lair:2   | Noticed a four-headed hydra
  6482 | Lair:2   | Killed a nine-headed hydra
  6482 | Lair:2   | Reached skill level 12 in Axes
  6484 | Lair:2   | Noticed a catoblepas
  6497 | Lair:2   | Killed a catoblepas
  7186 | Lair:3   | Noticed a death yak
  7186 | Lair:3   | Noticed a death yak
  7191 | Lair:3   | Noticed a death yak
  7192 | Lair:3   | Noticed a death yak
  7195 | Lair:3   | Noticed a death yak
  7204 | Lair:3   | Killed a death yak
  7207 | Lair:3   | Killed a death yak
  7207 | Lair:3   | Reached skill level 10 in Invocations
  7207 | Lair:3   | Reached XP level 12. HP: 73/110 MP: 7/7
  7209 | Lair:3   | Killed a death yak
  7221 | Lair:3   | Killed a death yak
  7224 | Lair:3   | Killed a death yak
  7382 | Lair:3   | Noticed Nergalle
  7420 | Lair:3   | Killed Nergalle
  7512 | Lair:3   | Reached skill level 13 in Axes
  7874 | Lair:4   | Reached skill level 10 in Shields
  7945 | Lair:4   | Noticed a six-headed hydra
  7967 | Lair:4   | Killed a six-headed hydra
  7980 | Lair:4   | Found a staircase to the Swamp.
  8006 | Lair:4   | Found a staircase to the Snake Pit.
  8015 | Lair:4   | Reached skill level 10 in Armour
  8298 | Lair:4   | Found a transporter.
  8317 | Lair:4   | Noticed a six-headed hydra
  8330 | Lair:4   | Killed a seven-headed hydra
  8568 | Lair:4   | Found a transporter.
  8862 | Lair:5   | Found a staircase to the Slime Pits.
  8923 | Lair:5   | Reached ***** piety under Makhleb
  9372 | Lair:5   | Reached XP level 13. HP: 91/121 MP: 8/8
  9626 | D:10     | Reached skill level 14 in Axes
  9790 | D:12     | Found a gate leading to a gauntlet.
  9813 | Gauntlet | Entered a Gauntlet
  9813 | Gauntlet | Found a transporter.
  9813 | Gauntlet | Found a transporter.
  9822 | Gauntlet | Found a transporter.
  9825 | Gauntlet | Found a transporter.
  9836 | Gauntlet | Found a transporter.
  9837 | Gauntlet | Found a transporter.
  9850 | Gauntlet | Found a transporter.
  9859 | Gauntlet | Found a runed translucent door.
  9861 | Gauntlet | Found a transporter.
  9863 | Gauntlet | Found a runed translucent door.
  9875 | Gauntlet | Found a transporter.
  9879 | Gauntlet | Found a transporter.
  9887 | Gauntlet | Found a transporter.
  9891 | Gauntlet | Found a transporter.
 10028 | Gauntlet | Got a smoking marble ring
 10119 | Gauntlet | Got a pair of distressingly furry boots
 10131 | Gauntlet | Identified the +3 pair of boots "Jatoit" {*Contam Int+9
                  | Stlth-} (You found it in a Gauntlet)
 10133 | Gauntlet | Identified the ring of Gomirhot {rN+ Str+3 Dex+3 Stlth+}
                  | (You found it in a Gauntlet)
 10145 | Gauntlet | Noticed a minotaur
 10155 | Gauntlet | Killed a minotaur
 10332 | D:13     | Found a flagged portal.
 10343 | Bailey   | Entered a bailey
 10439 | Bailey   | Found the +8 Wrath of Trog {antimagic, *Rage}
 10445 | Bailey   | Found a roughly hewn altar of Beogh.
 10587 | D:13     | Found Suasch's General Store.
 10600 | D:13     | Bought a scroll of teleportation for 45 gold pieces
 10600 | D:13     | Bought a potion of mutation for 120 gold pieces
 10600 | D:13     | Gained mutation: You have an increased reservoir of magic.
                  | (+10% MP) [potion of mutation]
 10600 | D:13     | Gained mutation: You possess an exceptional clarity of
                  | mind. [potion of mutation]
 10816 | D:14     | Reached skill level 1 in Dodging
 10870 | D:14     | Reached ****** piety under Makhleb
 11012 | D:14     | Reached skill level 15 in Axes
 11040 | D:14     | Reached skill level 10 in Fighting
 11143 | D:14     | Found a white marble altar of Elyvilon.
 11411 | D:14     | Found a gate to the Vaults.
 11420 | D:14     | Gained mutation: You resist negative energy. (rN+) [Deep
                  | Dwarf growth]
 11420 | D:14     | Reached XP level 14. HP: 98/132 MP: 2/7
 11699 | D:15     | Entered Level 15 of the Dungeon
 12342 | D:15     | Found a staircase to the Depths.
 12753 | Snake:1  | Entered Level 1 of the Snake Pit
 12759 | Snake:1  | Reached skill level 16 in Axes
 12906 | Swamp:1  | Entered Level 1 of the Swamp
 13061 | Swamp:1  | Reached XP level 15. HP: 144/144 MP: 9/9
 13162 | Swamp:1  | Reached XP level 16. HP: 137/152 MP: 11/11
 13519 | Swamp:3  | Reached skill level 17 in Axes
 13582 | Swamp:3  | Mangled by a tyrant leech

Illustrated notes

Levels and vault maps discovered:
D:1:      giann_bridges, layout_loops_ring
D:2:      layout_basic, overflow_temple_1_default, tso_oasis_becter,
          first_ration
D:3:      layout_basic, chequers_temple_overflow_statue_of_worship,
          dk_xom_monty_hall
D:4:      layout_basic, nicolae_gozag_cash_rules_everything_around_me,
          minmay_temple_entry_proselytizer, chequers_serial_rivers_micro_d,
          hex_large, grunt_decor_fettered, bloody_makhleb, uniq_robin
D:5:      layout_basic, fedhas_altar_2, nemelex_xobeh_ov_fountains_minmay
D:6:      layout_basic, lemuel_round_altar, uniq_duvessa, uniq_edmund
D:7:      layout_loops_ring, uniq_prince_ribbit1, uniq_crazy_yiuf_cottage
D:8:      layout_cave_pods, grunt_lair_entry_orc_guard_hut, serial_shops,
          nicolae_shop_window_shopping
D:9:      layout_long_grid, grunt_qazlal_clouds, tgw_trog,
          gammafunk_ghost_nasty_kobolds, uniq_pikel, uniq_erica, uniq_harold
D:10:     minmay_the_grid_3x2 [minmay_the_grid_x, minmay_the_grid_square_x,
          minmay_the_grid_box_x, minmay_the_grid_pillar_ring,
          minmay_the_grid_all_tris, minmay_the_grid_prize_shrinking_boxes],
          layout_small_grid, orc_0_dummy, uniq_joseph, uniq_snorg
D:11:     layout_irregular_city, basic_altar
D:12:     layout_irregular_city, gauntlet_entry_generic,
          nicolae_trove_entry_crystal, hangedman_fish_farm,
          chequers_serial_rivers_micro_a, kennysheep_treasure_room
D:13:     layout_loops_ring, serial_shops, nicolae_shop_waterfront,
          lightli_bailey_entry_fortress
D:14:     layout_cave_pods, grunt_vaults_entry_fortified, serial_park_gazebo
          [serial_park_minivault_5x5_4]
D:15:     gammafunk_enter_depths_forms, layout_cave_pools, chequers_jeans,
          chequers_serial_rivers_micro_e
Lair:1:   layout_layer_cave, special_room [special_room_bee],
          grunt_megastairs_2, uniq_grum
Lair:2:   layout_loops_ring, st_stairs_8, serial_bayou_shore_b
Lair:3:   layout_chaotic_city, uniq_nergalle
Lair:4:   gammafunk_cloud_chamber, layout_hall_layers,
          skrybe_swamp_entry_bodies, guppyfry_snake_entry_island
Lair:5:   cheibrodos_lair_overgrown_chateau, layout_cellular_growth,
          nicolae_slime_entry_slimehenge
Swamp:1:  layout_falls_marsh, evilmike_swamp_ruin_house_4
Swamp:2:  layout_basic_swamp, evilmike_swamp_ruin_wall
Swamp:3:  layout_falls_marsh, hangedman_swamp_cone, worms_lemuel,
          infiniplex_staircase_pool
Snake:1:  layout_misc_corridors, basic_altar, serial_shops,
          nicolae_shop_waterfront, uniq_asterion, uniq_louise, uniq_aizul

Skill      XL: |  1  2  3  4  5  6  7  8  9 10 11 12 13 14 15 16 |
---------------+-------------------------------------------------+-----
Fighting       | 3 4 5 6 7 8 9 10 11 12 | 12.3
Axes           | 3 4 5 6 8 9 11 12 13 15 16 17 | 17.0
Armour         | 4 5 6 7 8 9 10 11 12 | 12.8
Shields        | 4 5 6 7 8 9 10 11 12 | 12.3
Invocations    | 2 3 5 6 8 10 11 12 13 14 | 14.1
Dodging        | 3 |  3.3

Action                   |  1- 3 |  4- 6 |  7- 9 | 10-12 | 13-15 | 16-18 || total
-------------------------+-------+-------+-------+-------+-------+-------++-------
Melee: War axe           |    50 |   145 |   434 |   671 |   269 |       ||  1569
       Scimitar          |       |       |       |     6 |       |       ||     6
       Battleaxe         |       |       |       |       |   141 |       ||   141
       Broad axe         |       |       |       |       |   405 |   130 ||   535
Invok: Lesser Servant of |       |       |       |    12 |     1 |       ||    13
 Abil: Heal Wounds       |     1 |     3 |    17 |    11 |    20 |     4 ||    56
Evoke: Wand              |       |       |       |     1 |     5 |       ||     6
  Use: Scroll            |       |     6 |     8 |     6 |    15 |     2 ||    37
       Potion            |       |       |       |       |     4 |     1 ||     5
 Stab: Distracted        |       |       |       |     2 |       |       ||     2
  Eat: Chunk             |       |     1 |    19 |    22 |    15 |       ||    57
       Ration            |       |     1 |       |       |       |       ||     1
Armor: Scale mail        |    18 |     8 |       |       |       |       ||    26
       Chain mail        |       |    45 |   235 |     7 |       |       ||   287
       Plate armour      |       |       |       |   498 |   432 |   125 ||  1055
Dodge: Dodged            |    18 |    33 |    92 |   168 |   200 |    48 ||   559
Block: Kite shield       |    26 |    87 |   240 |   496 |   462 |   115 ||  1426

Table legend:
 A = Non-vault XP
 B = Vault XP
 C = Vault XP percentage of total XP
 D = Non-vault monster count
 E = Vault monster count
 F = Vault count percentage of total count
                 A         B        C        D         E       F
            +---------+---------+-------+---------+---------+-------
      Total |   87462 |   26282 |  23.1 |     401 |     143 |  26.3
            +---------+---------+-------+---------+---------+-------
        D:1 |       5 |       0 |   0.0 |       2 |       0 |   0.0
        D:2 |      44 |       0 |   0.0 |      10 |       0 |   0.0
        D:3 |     102 |       0 |   0.0 |       4 |       0 |   0.0
        D:4 |     275 |      75 |  21.4 |      11 |      12 |  52.2
        D:5 |     375 |       0 |   0.0 |       8 |       0 |   0.0
        D:6 |     599 |     392 |  39.6 |      26 |       3 |  10.3
        D:7 |     839 |      39 |   4.4 |      14 |       1 |   6.7
        D:8 |    1193 |     610 |  33.8 |      22 |       5 |  18.5
        D:9 |    2309 |    2570 |  52.7 |      36 |       8 |  18.2
       D:10 |     374 |       0 |   0.0 |      10 |       0 |   0.0
       D:11 |    1809 |       0 |   0.0 |      18 |       0 |   0.0
       D:12 |     749 |       0 |   0.0 |       4 |       0 |   0.0
       D:13 |    5246 |     101 |   1.9 |      21 |      12 |  36.4
       D:14 |    8305 |    7030 |  45.8 |      24 |      10 |  29.4
       D:15 |   13931 |    3099 |  18.2 |      39 |       7 |  15.2
     Lair:1 |    2433 |    2665 |  52.3 |      11 |      32 |  74.4
     Lair:2 |    4318 |     107 |   2.4 |      14 |       1 |   6.7
     Lair:3 |    6825 |     824 |  10.8 |      20 |       1 |   4.8
     Lair:4 |    3704 |     969 |  20.7 |      16 |       6 |  27.3
     Lair:5 |    4754 |    2599 |  35.3 |      18 |      19 |  51.4
    Swamp:1 |   11356 |       0 |   0.0 |      33 |       0 |   0.0
    Swamp:2 |    4662 |       0 |   0.0 |      13 |       0 |   0.0
    Swamp:3 |    3145 |       0 |   0.0 |       8 |       0 |   0.0
    Snake:1 |   10110 |       0 |   0.0 |      19 |       0 |   0.0
     Bailey |       0 |    1371 | 100.0 |       0 |      13 | 100.0
   Gauntlet |       0 |    3831 | 100.0 |       0 |      13 | 100.0
            +---------+---------+-------+---------+---------+-------
